 Dungeon Crawl Stone Soup version 0.32-a0-981-g384da2ce10 (webtiles) character file.

Game seed: 8702245790809362905

291 DrKenneth the Shield-Bearer (level 6, -9/56 HPs)
             Began as a Minotaur Fighter on Apr 21, 2024.
             Mangled by Menkaure (20 damage)
             ... on level 4 of the Dungeon.
             The game lasted 00:03:47 (2085 turns).

DrKenneth the Shield-Bearer (Minotaur Fighter)      Turns: 2085, Time: 00:03:48

Health: -9/56      AC:  7    Str: 22    XL:     6   Next: 10%
Magic:  5/5        EV:  8    Int:  5    God:
Gold:   160        SH:  4    Dex: 10    Spells: 5/5 levels left

rFire   . . .        a - +0 war axe
rCold   . . .        c - +0 buckler
rNeg    . . .        b - +0 scale mail
rPois   .            (helmet restricted)
rElec   .            (no cloak)
rCorr   .            (no gloves)
SInv    .            (no boots)
Will    .....        (no amulet) Stlth
                     (no ring)
HPRegen 0.29/turn    (no ring)
MPRegen 0.09/turn

%: no passive effects
@: no status effects
A: horns 2, retaliatory headbutt
a: no special abilities


You were on level 4 of the Dungeon.
You visited 1 branch of the dungeon, and saw 4 of its levels.

You collected 160 gold pieces.

Inventory:

Hand Weapons
 a - a +0 war axe (weapon)
Armour
 b - a +0 scale mail (worn)
 c - a +0 buckler (worn)
Jewellery
 e - a ring of protection from cold
Scrolls
 g - a scroll of amnesia {unknown}
 h - a scroll of teleportation {unknown}
 i - a scroll of noise {unknown}
 k - a scroll of immolation {unknown}
 l - a scroll of vulnerability {unknown}
 m - a scroll of summoning {unknown}
Potions
 d - a potion of might
 f - a potion of haste {unknown}
 j - 4 potions of curing {unknown}


   Skills:
 + Level 5.1 Fighting
 + Level 4.4 Axes
 + Level 5.1 Armour
 + Level 5.1 Shields


You had 5 spell levels left.
You didn't know any spells.
Your spell library was empty.

Dungeon Overview and Level Annotations

Branches:
Dungeon (4/15)             Temple (0/1) D:4

Altars:

Annotations:
D:4 Menkaure


Innate Abilities, Weirdness & Mutations

You have a pair of horns on your head.
You reflexively headbutt those who attack you in melee.


Message History

There is a stone staircase leading down here.
Found a stone staircase leading down.
Found a mace.
You now have 160 gold pieces (gained 8).
A quokka comes into view.
A quokka is nearby!
You slash the quokka!
You kill the quokka!
You see here a quokka corpse.
A sleepcap comes into view.
The sleepcap moves out of view.
Menkaure, Prince of Dust comes into view.
Menkaure shouts!
Menkaure casts a spell.
Menkaure seems to speed up.
There are monsters nearby!
Found a staircase to the Ecumenical Temple.
Menkaure calls on the powers of darkness!
Your body is wracked with pain!
The sleepcap misses you. You furiously retaliate!
You headbutt the sleepcap, but do no damage.
You hit the sleepcap.
The sleepcap is lightly damaged.
Menkaure casts a spell at you.
You barely resist. You block the sleepcap's attack.
The sleepcap releases spores at you!
You slash the sleepcap!
The sleepcap is heavily damaged.
You slash Menkaure! Menkaure hits you!
* * * LOW HITPOINT WARNING * * *
The sleepcap barely misses you. Menkaure completely misses you.
You furiously retaliate!
You headbutt Menkaure. You slash the sleepcap!
The sleepcap is severely damaged.
You hit Menkaure. The sleepcap barely misses you. Menkaure hits you.
* * * LOW HITPOINT WARNING * * *
You hit the sleepcap but do no damage.
The sleepcap is severely damaged.
You slash Menkaure! Menkaure hits you!!
You die...

. . .# ##
.#
.##.##.##
.....#..##
..>...#M.##
#.....f@..#
#..####...#
##..# #...#
......#.#
.######.#
#.# ####†#
. ..##.#


You could see a sleepcap and Menkaure (fast).

Vanquished Creatures
  Sigmund (D:2)
  Jessica (D:2)
  Robin (D:2)
  2 adders
  2 dart slugs
  A ribbon worm (D:2)
  6 orcs
  4 bats
  5 endoplasms
  4 giant cockroaches
  17 goblins
  2 hobgoblins (D:2)
  3 jackals (D:2)
  3 quokkas
  5 ball pythons
  4 frilled lizards
  5 kobolds
  7 rats
73 creatures vanquished.

Notes
Turn   | Place    | Note
-------+----------+-------------------------------------------
     0 | D:1      | DrKenneth the Minotaur Fighter began the quest for the Orb.
     0 | D:1      | Reached XP level 1. HP: 19/19 MP: 0/0
   146 | D:1      | Reached XP level 2. HP: 27/27 MP: 1/1
   250 | D:1      | Found a faded altar of an unknown god.
   848 | D:2      | Reached XP level 3. HP: 33/33 MP: 2/2
   954 | D:2      | Noticed Sigmund
   959 | D:2      | Killed Sigmund
   960 | D:2      | Reached XP level 4. HP: 41/41 MP: 3/3
   960 | D:2      | Reached XP level 5. HP: 47/47 MP: 4/4
  1119 | D:2      | Noticed Robin
  1142 | D:2      | Killed Robin
  1143 | D:2      | Reached skill level 5 in Shields
  1228 | D:2      | Reached skill level 5 in Fighting
  1288 | D:2      | Noticed Jessica
  1291 | D:2      | Killed Jessica
  1292 | D:2      | Reached skill level 5 in Armour
  1619 | D:3      | Reached XP level 6. HP: 56/56 MP: 5/5
  2078 | D:4      | Noticed Menkaure
  2080 | D:4      | Found a staircase to the Ecumenical Temple.
  2085 | D:4      | Mangled by Menkaure

Illustrated notes

Levels and vault maps discovered:
D:1:      heliophobic_arrival_henge, layout_loops_ring,
          shapermc_ecumenical_altar_venn
D:2:      layout_loops_corners, uniq_sigmund, uniq_robin, uniq_jessica
D:3:      layout_rooms
D:4:      layout_loops_ring, minmay_temple_entry_wispy,
          ebering_ghost_inner_flame, nicolae_ossuary_entry_monument,
          uniq_edmund, uniq_menkaure, uniq_pikel

Skill      XL: |  1  2  3  4  5 |
---------------+----------------+-----
Fighting       | 4 5 |  5.1
Shields        | 4 5 |  5.1
Armour         | 4 5 |  5.1
Axes           | 3 4 |  4.4

Action                     |  1- 3 |  4- 6 || total
---------------------------+-------+-------++-------
  Melee: War axe           |    47 |    82 ||   129
         Headbutt          |     3 |    10 ||    13
    Use: Scroll            |       |     1 ||     1
 Armour: Scale mail        |    34 |    66 ||   100
  Dodge: Dodged            |    26 |    42 ||    68
  Block: Buckler           |     9 |    22 ||    31

Table legend: (Time is in decaauts)
 A = Elapsed time spent in this place.
 B = Non-inter-level travel time spent in this place.
 C = Inter-level travel time spent in this place.
 D = Time resting spent in this place.
 E = Time spent auto-exploring this place.
 F = Levels seen in this place.
 G = Mean time per level.
                   A        B        C        D        E       F      G
               +--------+--------+--------+--------+--------+-----+--------+
         Total |   2129 |   1937 |    192 |    125 |   1453 |   4 |  532.2 |
       Dungeon |   2129 |   1937 |    192 |    125 |   1453 |   4 |  532.2 |
               +--------+--------+--------+--------+--------+-----+--------+

Top non-repeatable levels by time:
     D:2: 953 daAuts
     D:1: 659 daAuts
     D:3: 472 daAuts
     D:4: 44 daAuts
